 Dungeon Crawl Stone Soup version 0.30-a0-23-ge60ba3568b (webtiles) character file.

Game seed: 12525773123571449799

488 Sabo the Digger (level 7, -10/38 HPs)
             Began as a Gargoyle Earth Elementalist on Aug 26, 2022.
             Was a Believer of the Shining One.
             Mangled by Edmund
             ... wielding a +1 flail of protection
              (12 damage)
             ... on level 4 of the Dungeon.
             The game lasted 00:35:11 (5223 turns).

Sabo the Digger (Gargoyle Earth Elementalist)       Turns: 5223, Time: 00:35:11

Health: -10/38     AC: 10    Str: 11    XL:     7   Next: 13%
Magic:  5/12       EV: 12    Int: 18    God:    the Shining One [**....]
Gold:   174        SH:  6    Dex: 10    Spells: 12/13 levels left

rFire   . . .      SeeInvis .    p - +0 quarterstaff
rCold   . . .      Faith    .    (shield currently unavailable)
rNeg    + + .      Spirit   .    a - +1 robe
rPois   ∞          Reflect  .    (no helmet)
rElec   +          Harm     .    (no cloak)
rCorr   .          Rampage  .    n - +2 pair of gloves
Will    .....                    (no boots)
Stlth   +.........               f - amulet of regeneration
HPRegen 0.92/turn                (no ring)
MPRegen 0.13/turn                (no ring)

@: divinely shielded, glowing
A: sickness immunity, AC +4, negative energy resistance 1, electricity
resistance, torment resistance 1, petrification resistance
a: Renounce Religion, Divine Shield


You were on level 4 of the Dungeon.
You worshipped the Shining One.
The Shining One was pleased with you.
You visited 1 branch of the dungeon, and saw 4 of its levels.
You also visited: Sewer.

You collected 174 gold pieces.

Inventory:

Hand Weapons
 m - a +0 hand axe
 p - a +0 quarterstaff (weapon)
 v - a +0 sling
Missiles
 o - 4 poisoned darts (quivered)
Armour
 a - a +1 robe (worn)
 n - a +2 pair of gloves (worn)
 w - a +0 ring mail of willpower
Magical Staves
 u - a staff of cold
Jewellery
 f - an amulet of regeneration (around neck)
Wands
 y - a wand of flame (11)
Scrolls
 d - a scroll of teleportation
 q - a scroll of amnesia {unknown}
 r - a scroll of magic mapping
 s - a scroll of silence {unknown}
 t - a scroll of blinking
 C - a scroll of summoning {unknown}
 D - a scroll of immolation {unknown}
 E - a scroll of fear {unknown}
Potions
 b - a potion of magic
 e - 2 potions of curing {unknown}
 g - 3 potions of heal wounds {unknown}
 h - a potion of ambrosia {unknown}
 i - a potion of brilliance {unknown}
 j - a potion of haste {unknown}
 k - 2 potions of lignification {unknown}
 l - a potion of cancellation {unknown}
 x - 4 potions of flight
 z - a potion of invisibility {unknown}
 A - a potion of mutation


   Skills:
 + Level 1.6 Fighting
 + Level 0.4 Axes
 + Level 2.9 Staves
 + Level 2.2 Dodging
 + Level 2.8 Stealth
 + Level 1.2 Unarmed Combat
 + Level 3.9 Spellcasting
 + Level 0.7 Transmutations
 + Level 5.7 Earth Magic


You had 12 spell levels left.
You knew the following spells:

 Your Spells              Type           Power      Damage    Failure   Level
a - Sandblast             Erth           48%        2d12      1%          1

Your spell library contained the following spells:

 Spells                   Type           Power      Damage    Failure   Level
 Passwall                 Tmut/Erth      12%        N/A       6%          2
 Stone Arrow              Conj/Erth      26%        3d8       14%         3
 Ensorcelled Hibernation  Hex/Ice        6%         N/A       22%         2
 Petrify                  Tmut/Erth      15%        N/A       36%         4
 Gell's Gravitas          Tloc           3%         N/A       41%         3
 Portal Projectile        Hex/Tloc       6%         N/A       41%         3
 Swiftness                Air            3%         N/A       41%         3
 Teleport Other           Tloc           3%         N/A       41%         3
 Tukima's Dance           Hex            3%         N/A       41%         3
 Blade Hands              Tmut           3%         N/A       97%         5
 Dispersal                Tloc           1%         N/A       100%        6


Dungeon Overview and Level Annotations

Branches:
Dungeon (4/15)              Sewer (visited)
 Temple: D:4-7

Altars:
Qazlal
The Shining One

Annotations:
D:4 Edmund


Innate Abilities, Weirdness & Mutations

You are immune to sickness and miasma.
Your stone body is resilient. (AC +4)
You are immune to poison.
You resist negative energy. (rN+)
You are resistant to electric shocks. (rElec)
You are resistant to unholy torment.
You are immune to petrification.


Message History

Casting: Sandblast (safe; 1% risk of failure)
Confirm with . or Enter, or press ? or * to list all spells.
Aiming: Sandblast (safe; 1% risk of failure)
Press: ? - help, Shift-Dir - straight line, f/p - Edmund
Aim: Edmund, wielding a +1 flail of protection and wearing a +0 ring mail (berserk, haloed, 88% to hit)
The blast of sand hits Edmund.
Edmund is lightly wounded.
Edmund hits you with a +1 flail of protection.
Edmund hits you with a +1 flail of protection!
A divine shield forms around you!
Edmund is engulfed in poison gas.
Edmund is poisoned.
Edmund hits you with a +1 flail of protection!
Edmund is engulfed in poison gas.
Edmund looks even sicker.
Edmund hits you with a +1 flail of protection!
* * * LOW HITPOINT WARNING * * *
Unknown command.
Casting: Sandblast (safe; 1% risk of failure)
Confirm with . or Enter, or press ? or * to list all spells.
Aiming: Sandblast (safe; 1% risk of failure)
Press: ? - help, Shift-Dir - straight line, f/p - Edmund
Aim: Edmund, wielding a +1 flail of protection and wearing a +0 ring mail (poison gas, lightly wounded, berserk, very poisoned, haloed, 88% to hit)
The blast of sand hits Edmund but does no damage.
Edmund is lightly wounded.
Edmund is engulfed in poison gas.
Edmund looks even sicker.
Edmund hits you with a +1 flail of protection.
* * * LOW HITPOINT WARNING * * *
The orc closely misses you.
Edmund is engulfed in poison gas.
Edmund looks as sick as possible!
You block Edmund's attack.
Casting: Sandblast (safe; 1% risk of failure)
Confirm with . or Enter, or press ? or * to list all spells.
Aiming: Sandblast (safe; 1% risk of failure)
Press: ? - help, Shift-Dir - straight line, f/p - Edmund
Aim: Edmund, wielding a +1 flail of protection and wearing a +0 ring mail (poison gas, moderately wounded, berserk, extremely poisoned, haloed, 88% to hit)
The blast of sand hits Edmund but does no damage.
Edmund is moderately wounded.
Edmund is engulfed in poison gas.
Edmund looks as sick as possible!
You block Edmund's attack. The orc misses you.
Edmund looks as sick as possible!
Edmund hits you with a +1 flail of protection!
You die...

... #...####.......#.##
....##..§###§☼§§§§§.#..# .
....#...§§§§§§§☼☼☼###?.###..
........§§§☼§§☼§§§§##.......
........§§§§§☼§§§§☼§#.......
...>....§§§§☼☼§§§§☼☼#^......
........§§☼§§§§§§§§☼#§(..<..
##..#...§§§☼§§☼oo..☼o.......
##.#...§§☼§§§@@§§☼§#.......
##.#...§§§§§§§§§§§##.......
###......§§§§§§§§§☼##
.......
##........#§§§§§§§§§#
..o.:..
.......##.§§#§☼§§§§§§.
##.....
.....#)##.§##§§§§§§##§.
..... ....<......###§§☼§§#
§§. .....
...).#.............. ..
#............


You could see Edmund (berserk, extremely poisoned), an orc priest, an orc wizard
(invisible) and an orc.

Vanquished Creatures
  An ogre (D:4)
  A phantom (D:3)
  An orc priest (D:4)
  A gnoll bouda (D:4)
  An iguana (D:4)
  3 gnolls (D:4)
  10 adders
  4 river rats
  2 worms
  3 orcs
  16 bats
  5 endoplasms
  6 giant cockroaches
  5 goblins
  7 hobgoblins
  3 jackals (Sewer)
  8 quokkas
  5 ball pythons
  6 frilled lizards
  7 kobolds
  5 rats
100 creatures vanquished.

Vanquished Creatures (others)
  A fungus (D:1)
  2 plants (D:1)
3 creatures vanquished.

Grand Total: 103 creatures vanquished

Notes
Turn   | Place    | Note
-------+----------+-------------------------------------------
     0 | D:1      | Sabo the Gargoyle Earth Elementalist began the quest for
                  | the Orb.
     0 | D:1      | Reached XP level 1. HP: 10/10 MP: 3/3
   293 | D:1      | Reached skill level 4 in Earth Magic
   455 | D:1      | Found a faded altar of an unknown god.
   460 | D:1      | Prayed at the altar of an unknown god.
   460 | D:1      | Became a worshipper of the Shining One
   460 | D:1      | Reached * piety under the Shining One
   519 | D:1      | Reached XP level 2. HP: 11/15 MP: 0/5
  1822 | D:2      | Reached XP level 3. HP: 15/19 MP: 4/6
  2167 | D:2      | Reached skill level 1 in Unarmed Combat
  3012 | D:3      | Reached XP level 4. HP: 24/24 MP: 6/8
  3313 | D:3      | Noticed a phantom
  3327 | D:3      | Killed a phantom
  3328 | D:3      | Reached XP level 5. HP: 18/28 MP: 4/9
  3459 | D:3      | Found a stormy altar of Qazlal.
  3526 | D:3      | Reached ** piety under the Shining One
  4011 | D:4      | Reached skill level 1 in Staves
  4016 | D:4      | Reached skill level 5 in Earth Magic
  4197 | D:4      | Reached XP level 6. HP: 33/33 MP: 1/11
  4302 | D:4      | Found a glowing drain.
  4340 | Sewer    | Entered a sewer
  4565 | Sewer    | Reached skill level 1 in Fighting
  5122 | D:4      | Reached XP level 7. HP: 17/38 MP: 9/12
  5208 | D:4      | Noticed Edmund
  5222 | D:4      | HP: 1/38 [Edmund/+1 flail of protection (6)]
  5223 | D:4      | Mangled by Edmund

Illustrated notes

Levels and vault maps discovered:
D:1:      dpeg_arrival_renting, layout_basic, serial_curves, eino_curves_03,
          eino_curves_02, shapermc_ecumenical_altar_petra, chequers_jeans,
          st_stairs_3
D:2:      layout_loops_ring, hangedman_abyss_or_decor_lesser_grid
D:3:      layout_basic, grunt_qazlal_sundering, kennysheep_path_1
D:4:      layout_rooms, ebering_ghost_disaster_area, portal_sewer_entry_a,
          uniq_edmund

Skill      XL: |  1  2  3  4  5  6 |
---------------+-------------------+-----
Earth Magic    | 4 5 |  5.7
Unarmed Combat | 1 |  1.2
Spellcasting   | 3 |  3.9
Staves         | 1 2 |  2.9
Dodging        | 2 |  2.2
Fighting       | 1 |  1.6
Axes           | |  0.4
Stealth        | |  2.8
Transmutations | |  0.7

Action                   |  1- 3 |  4- 6 |  7- 9 || total
-------------------------+-------+-------+-------++-------
Melee: Unarmed           |    26 |       |       ||    26
       Hand axe          |    11 |       |       ||    11
       Quarterstaff      |     3 |   104 |     1 ||   108
 Cast: Sandblast         |    38 |    61 |    10 ||   109
Invok: Divine Shield     |       |       |     1 ||     1
  Use: Scroll            |     4 |     6 |     1 ||    11
       Potion            |     1 |       |       ||     1
Armor: Robe              |    12 |    68 |     3 ||    83
Dodge: Dodged            |    23 |   129 |     6 ||   158
Block: Other             |       |       |     2 ||     2

Table legend: (Time is in decaauts)
 A = Elapsed time spent in this place.
 B = Non-inter-level travel time spent in this place.
 C = Inter-level travel time spent in this place.
 D = Time resting spent in this place.
 E = Time spent auto-exploring this place.
 F = Levels seen in this place.
 G = Mean time per level.
                   A        B        C        D        E       F      G
               +--------+--------+--------+--------+--------+-----+--------+
         Total |   5476 |   5476 |      0 |   1412 |      0 |   5 | 1095.2 |
       Dungeon |   4589 |   4589 |      0 |   1299 |      0 |   4 | 1147.2 |
         Sewer |    887 |    887 |      0 |    113 |      0 |   1 |  887.0 |
               +--------+--------+--------+--------+--------+-----+--------+

Top non-repeatable levels by time:
     D:1: 1781 daAuts
     D:2: 1220 daAuts
     D:3: 1032 daAuts
   Sewer: 887 daAuts
     D:4: 554 daAuts
